 Dungeon Crawl Stone Soup version 0.30.1-11-g7821555f0a (webtiles) character file.

Game seed: 2154655873753194094

2844 bnorton916 the Thaumaturge (level 9, 0/45 HPs)
             Began as a Deep Elf Conjurer on Dec 5, 2023.
             Was an Initiate of Vehumet.
             Slain by a yak (15 damage)
             ... on level 5 of the Dungeon.
             The game lasted 00:16:35 (10612 turns).

bnorton916 the Thaumaturge (Deep Elf Conjurer)     Turns: 10612, Time: 00:16:35

Health: 0/45       AC:  3    Str:  6    XL:     9   Next: 46%
Magic:  18/26      EV: 12    Int: 26    God:    Vehumet [......]
Gold:   397        SH:  0    Dex: 13    Spells: 16/30 levels left

rFire   + + .        (no weapon)
rCold   . . .        (no shield)
rNeg    . . .        a - +0 robe
rPois   .            (no helmet)
rElec   .            x - +0 cloak
rCorr   .            (no gloves)
SInv    .            (no boots)
Will    .....        q - amulet of magic regeneration
Stlth   ++           f - ring of protection from fire
HPRegen 0.27/turn    g - ring of protection from fire
MPRegen 0.60/turn

%: no passive effects
@: no status effects
A: no striking features
a: Renounce Religion


You were on level 5 of the Dungeon.
You worshipped Vehumet.
Vehumet was noncommittal.
You visited 2 branches of the dungeon, and saw 8 of its levels.

You collected 397 gold pieces.

Inventory:

Hand Weapons
 k - a +1 dagger of protection
 m - a +0 dagger of flaming
 p - a +1 spear of freezing
Missiles
 r - 5 boomerangs (quivered)
Armour
 a - a +0 robe (worn)
 x - a +0 cloak (worn)
 F - the +7 chain mail of Sigob {+Inv rPois rCorr}
   (You found it on level 7 of the Dungeon)

   rPois:     It protects you from poison.
   +Inv:      It lets you turn invisible.
   rCorr:     It protects you from acid and corrosion.
Jewellery
 f - a ring of protection from fire (left hand)
 g - a ring of protection from fire (right hand)
 q - an amulet of magic regeneration (around neck)
 u - a ring of ice
Wands
 D - a wand of iceblast (11)
Scrolls
 c - a scroll of fear {unknown}
 d - 2 scrolls of teleportation {unknown}
 e - 6 scrolls of identify {unknown}
 h - a scroll of immolation {unknown}
 l - a scroll of magic mapping {unknown}
 t - a scroll of vulnerability {unknown}
 y - a scroll of noise {unknown}
 z - a scroll of enchant weapon {unknown}
 A - a scroll of butterflies {unknown}
 C - 2 scrolls of amnesia {unknown}
Potions
 b - 2 potions of magic
 i - 5 potions of curing {unknown}
 j - 2 potions of haste {unknown}
 n - 5 potions of brilliance {unknown}
 o - 2 potions of resistance {unknown}
 s - a potion of invisibility {unknown}
 v - a potion of degeneration {unknown}
 w - a potion of mutation {unknown}
 B - 2 potions of cancellation {unknown}
 E - a potion of heal wounds {unknown}
 G - a potion of might {unknown}


   Skills:
 - Level 2.4 Dodging
 - Level 2.4 Stealth
 + Level 11.2 Spellcasting
 + Level 10.4 Conjurations
 - Level 4.0 Hexes
 - Level 2.0 Translocations
 - Level 2.0 Air Magic
 - Level 3.0 Poison Magic


You had 16 spell levels left.
You knew the following spells:

 Your Spells              Type           Power      Damage    Failure   Level
a - Magic Dart            Conj           100%       1d8       1%          1
b - Searing Ray           Conj           100%       2d8       1%          2
c - Mephitic Cloud        Conj/Pois/Air  41%        N/A       1%          3
d - Fulminant Prism       Conj/Hex       25%        3d14      1%          4
e - Iskenderun's Mystic   Conj/Tloc      46%        2d10      3%          4

Your spell library contained the following spells:

 Spells                   Type           Power      Damage    Failure   Level
 Dazzling Flash           Conj/Hex       100%       N/A       1%          3
 Call Imp                 Summ           28%        N/A       6%          2
 Sublimation of Blood     Necr           14%        N/A       6%          2
 Irradiate                Conj/Tmut      20%        3d18      13%         5
 Petrify                  Tmut/Erth      14%        N/A       38%         4
 Chain Lightning          Conj/Air       23%        3d30      100%        9
 Fire Storm               Conj/Fire      20%        8d5       100%        9
 Shatter                  Erth           7%         3d9*      100%        9


Dungeon Overview and Level Annotations

Branches:
Dungeon (7/15)             Temple (1/1) D:7

Altars:
Cheibriados
Dithmenos
Elyvilon
Fedhas
Gozag
Hepliaklqana
Kikubaaqudgha
Makhleb
Nemelex Xobeh
Qazlal
Ru
Sif Muna
Trog
Uskayaw
Vehumet
Wu Jian
Xom
Zin

Shops:
D:5 :   D:7 (

Annotations:
D:4 Edmund
D:5 Duvessa
D:6 3 runed translucent doors, jagang's ghost, novice BaMo


Message History

Aim: a yak (100% to hit)
The magic dart hits the yak.
The yak is lightly wounded.
Casting: Magic Dart (safe; 1% risk of failure)
Confirm with . or Enter, or press ? or * to list all spells.
Aiming: Magic Dart (safe; 1% risk of failure)
Press: ? - help, Shift-Dir - straight line, f/p - yak
Aim: a yak (lightly wounded, 100% to hit)
The magic dart hits the yak.
The yak is lightly wounded.
Casting: Magic Dart (safe; 1% risk of failure)
Confirm with . or Enter, or press ? or * to list all spells.
Aiming: Searing Ray (safe; 1% risk of failure)
Press: ? - help, Shift-Dir - straight line, f/p - yak
Aim: a yak (lightly wounded, 90% to hit)
The searing ray hits the yak.
The yak is moderately wounded. (Press . to maintain the ray.) Unknown command.
The searing ray hits the yak.
The yak is moderately wounded.
The searing ray hits the yak.
The yak is heavily wounded.
The yak gores you!
The searing ray hits the yak!
The yak is severely wounded.
You finish channelling your searing ray.
The yak bellows!
The yak gores you!
Unknown command.
Casting: Searing Ray (safe; 1% risk of failure)
Confirm with . or Enter, or press ? or * to list all spells.
Aiming: Searing Ray (safe; 1% risk of failure)
Press: ? - help, Shift-Dir - straight line, f/p - yak
Aim: a yak (severely wounded, 90% to hit)
The searing ray hits the yak!
The yak is almost dead. (Press . to maintain the ray.)
The yak gores you!
You die...

. e #. #.# # #.# ..# #.# #.#
##+## #.# #.# #...## ####.# #.#
#....## ##....## #.# ####.....##
##......####.#####.####.........#
.....[..........@Y..Y.'..<......'
##.....<########...####.........#
##.##.## ##..# ##.......##
######.# ##.# ##.....## ...[.#.#
#.# ##...## ####.#.# ####.####
##+## #.#.# #.......#####.#
####.#.# #.#####.....(.####
..##.#.# #.# #.####.....#


You could see 2 yaks.

Vanquished Creatures
  A gargoyle (D:6)
  Sigmund (D:3)
  2 yaks (D:5)
  A wyvern (D:7)
  A steam dragon (D:7)
  Menkaure (D:6)
  A water moccasin (D:6)
  An orc warrior (D:6)
  An ice beast (D:7)
  A black bear (D:7)
  2 ogres
  A centaur (D:7)
  2 phantoms
  2 bullfrogs (D:6)
  A scorpion (D:6)
  2 jellies (D:6)
  3 orc priests
  4 hounds
  3 iguanas
  3 orc wizards
  2 sleepcaps (D:5)
  11 gnolls
  6 adders
  An ufetubus (D:5)
  2 dart slugs
  31 orcs
  6 ball pythons
  4 endoplasms
  A giant cockroach (D:3)
  3 goblins
  8 hobgoblins
  A quokka (D:2)
  4 bats
  3 frilled lizards
  5 kobolds
  A rat (D:3)
123 creatures vanquished.

Vanquished Creatures (others)
  18 fulminant prisms
18 creatures vanquished.

Grand Total: 141 creatures vanquished

Notes
Turn   | Place    | Note
-------+----------+-------------------------------------------
     0 | D:1      | bnorton916 the Deep Elf Conjurer began the quest for the
                  | Orb.
     0 | D:1      | Reached XP level 1. HP: 10/10 MP: 6/6
   322 | D:1      | Reached XP level 2. HP: 15/15 MP: 5/8
   669 | D:1      | Learned a level 2 spell: Searing Ray
  1130 | D:2      | Reached skill level 4 in Spellcasting
  1172 | D:2      | Reached skill level 5 in Conjurations
  1172 | D:2      | Reached XP level 3. HP: 19/19 MP: 6/10
  1494 | D:1      | Learned a level 3 spell: Mephitic Cloud
  2119 | D:2      | Reached skill level 1 in Poison Magic
  2119 | D:2      | Reached XP level 4. HP: 19/24 MP: 7/12
  2244 | D:3      | Reached skill level 1 in Air Magic
  2513 | D:3      | Noticed Sigmund
  2519 | D:3      | Killed Sigmund
  2520 | D:3      | Reached skill level 5 in Spellcasting
  2520 | D:3      | Reached XP level 5. HP: 28/28 MP: 6/14
  3205 | D:3      | Reached XP level 6. HP: 32/32 MP: 13/16
  3224 | D:3      | Found a bloodstained altar of Trog.
  3721 | D:4      | Learned a level 4 spell: Fulminant Prism
  3744 | D:5      | Entered Level 5 of the Dungeon
  4004 | D:4      | Found a shimmering altar of Xom.
  4213 | D:4      | Noticed Edmund
  5408 | D:5      | Reached skill level 6 in Spellcasting
  5534 | D:5      | Reached XP level 7. HP: 35/36 MP: 10/18
  5542 | D:5      | Learned a level 4 spell: Iskenderun's Mystic Blast
  5594 | D:5      | Noticed a yak
  5595 | D:5      | Noticed a yak
  5596 | D:5      | Noticed a yak
  5709 | D:5      | Noticed Duvessa
  6095 | D:5      | Reached skill level 1 in Hexes
  6095 | D:5      | Reached skill level 1 in Translocations
  6304 | D:5      | Found Itewnak's Book Shop.
  6360 | D:6      | Reached skill level 7 in Spellcasting
  6416 | D:6      | Noticed a gargoyle
  6638 | D:6      | Noticed Menkaure
  6648 | D:6      | Killed Menkaure
  6649 | D:6      | Reached XP level 8. HP: 10/41 MP: 15/21
  6939 | D:6      | Reached skill level 8 in Spellcasting
  7162 | D:6      | Found an ancient bone altar of Kikubaaqudgha.
  7273 | D:6      | Killed a gargoyle
  7695 | D:6      | Reached skill level 9 in Spellcasting
  8122 | D:6      | Found a runed translucent gate.
  8123 | D:6      | Found a runed translucent gate.
  8124 | D:6      | Found a runed translucent gate.
  8156 | D:6      | Noticed jagang's ghost (novice BaMo)
  8746 | D:7      | Found Hufi Ejo's Weapon Shop.
  8831 | D:7      | Reached skill level 10 in Spellcasting
  8831 | D:7      | Reached XP level 9. HP: 45/45 MP: 18/25
  8871 | D:7      | Found a white marble altar of Elyvilon.
  9107 | D:7      | Identified the +7 chain mail of Sigob {+Inv rPois rCorr}
  9740 | D:7      | Found a staircase to the Ecumenical Temple.
  9951 | Temple   | Entered the Ecumenical Temple
 10195 | Temple   | Became a worshipper of Vehumet
 10290 | D:7      | Reached skill level 10 in Conjurations
 10600 | D:5      | Reached skill level 11 in Spellcasting
 10612 | D:5      | Slain by a yak

Illustrated notes

Levels and vault maps discovered:
D:1:      wander_arrival_abandoned_jail, layout_basic, glass_columns_b,
          minmay_misc_feat_more_columns, minmay_misc_feat_hallway
D:2:      layout_loops_ring, nrook_mini_backslash, serial_bayou_crossing
D:3:      layout_basic, mainiacjoe_overflow_alcove_4, nicolae_titane,
          uniq_sigmund
D:4:      layout_gridville, mainiacjoe_overflow_24_doors,
          nicolae_elevator_lobby_asterisk, uniq_edmund
D:5:      layout_loops_corners, kennysheep_okawaru_gauntlet, serial_shops,
          nicolae_square_shop, uniq_duvessa
D:6:      layout_basic, mainiacjoe_overflow_concentric_impassable,
          gammafunk_ghost_split, serial_park_tiny_2, hellmonk_bongcloud_opening,
          uniq_menkaure
D:7:      layout_basic, elyvilon_altar_1, temple_hall, serial_shops, shop
Temple:   dpeg_chambers_temple

Skill      XL: |  1  2  3  4  5  6  7  8  9 |
---------------+----------------------------+-----
Spellcasting   | 4 5 6 7 10 11 | 11.2
Conjurations   | 5 6 7 9 10 | 10.4
Poison Magic   | 1 2 3 |  3.0
Air Magic      | 2 |  2.0
Hexes          | 3 4 |  4.0
Translocations | 2 |  2.0
Dodging        | |  2.4
Stealth        | |  2.4

Action                     |  1- 3 |  4- 6 |  7- 9 || total
---------------------------+-------+-------+-------++-------
  Throw: Boomerang         |       |     4 |       ||     4
   Cast: Magic Dart        |    52 |    66 |    85 ||   203
         Searing Ray       |     1 |    17 |    34 ||    52
         Mephitic Cloud    |       |     6 |       ||     6
         Fulminant Prism   |       |       |    18 ||    18
         Iskenderun's Myst |       |       |     1 ||     1
 Armour: Robe              |     1 |     2 |     3 ||     6
  Dodge: Dodged            |     7 |     8 |    25 ||    40
